AoeStats
← starlord

Yucatan

510318624Analyzed
2v2 RM · 3d ago on Sep 30, 2026· 18m 42s· 4 players
Game mode
Random Map
Map size
Medium (4 player)
Population
200
Speed
Normal
Resources
Standard
Victory
Conquest
Starting age
Dark Age
Ending age
Imperial Age
RankedLock teamsTeams togetherTeam positionsShared explorationLock speedFull tech treeHidden civsTurbo modeCheats
Victory
Defeat
🇨🇿 Magyars · Czechia
1162
+14
🇩🇪 Lithuanians · Germany
1132
+15
🇫🇷 Persians · France
1121
-15
🇫🇷 Mongols · France
1120
-14
Sloy2
3:22 Loom
11:00 Feudal Age
15:52 Castle Age
15:23 Bloodlines
15:22 Double-Bit Axe
Gari
5:00 Loom
10:08 Feudal Age
14:14 Castle Age
12:51 Double-Bit Axe
13:22 Bloodlines
14:51 Scale Barding Armor
14:58 Forging
fede
10:39 Feudal Age
16:29 Scale Barding Armor
16:35 Forging
16:39 Bloodlines
starlord
1:46 Loom
10:36 Feudal Age
11:36 Double-Bit Axe
16:33 Bloodlines
20:46 Castle Age
Connection lost

Rejoining the realm…

Still unreachable

The connection could not be restored.

Session expired

The server has moved on; the page needs a fresh start.